 Dungeon Crawl Stone Soup version 0.24.0-125-gc4c63601f3 (webtiles) character file.

Game seed: 8074600325658835236, levelgen mode: deterministic

56 Amplified the Digger (level 3, -4/25 HPs)
             Began as a Barachi Earth Elementalist on Feb 29, 2020.
             Slain by Terence
             ... wielding a +0 mace
              (6 damage)
             ... on level 2 of the Dungeon.
             The game lasted 00:04:20 (2086 turns).

Amplified the Digger (Barachi Earth Elementalist)   Turns: 2086, Time: 00:04:20

Health: -4/25      AC:  2    Str:  9    XL:     3   Next: 97%
Magic:  1/7        EV: 11    Int: 16    God:
Gold:   60         SH:  3    Dex: 12    Spells: 2/8 levels left

rFire    . . .     SeeInvis .   a - +0 whip
rCold    . . .     Gourm    .   e - +0 buckler
rNeg     . . .     Faith    .   c - +0 robe
rPois    .         Spirit   .   (no helmet)
rElec    .         Reflect  .   (no cloak)
rCorr    .         Harm     .   (no gloves)
MR       .....                  (no boots)
Stlth    ++........             (no amulet)
HPRegen  0.08/turn              (no ring)
MPRegen  0.10/turn              (no ring)

@: can't hop, slow
A: +LOS, swims, slowness 1, strong legs 1
a: Hop


You were on level 2 of the Dungeon.
You were hungry.

You visited 1 branch of the dungeon, and saw 2 of its levels.

You collected 60 gold pieces.

Inventory:

Hand Weapons
 a - a +0 whip (weapon)
Missiles
 b - 38 stones (quivered)
Armour
 c - a +0 robe (worn)
 e - a +0 buckler (worn)
Comestibles
 d - 5 rations


   Skills:
 + Level 0.9 Fighting
 - Level 0.2 Maces & Flails
 - Level 2.1 Dodging
 - Level 1.7 Stealth
 * Level 3.1 Spellcasting
 * Level 0.0 Conjurations
 - Level 1.1 Transmutations
 * Level 3.9 Earth Magic


You had 2 spell levels left.
You knew the following spells:

 Your Spells              Type           Power        Failure   Level  Hunger
a - Sandblast             Erth           ###...       6%          1    None
b - Passwall              Tmut/Erth      ##......     17%         2    ##.....
c - Stone Arrow           Conj/Erth      #.....       38%         3    ###....

Your spell library contained the following spells:

 Spells                   Type           Power        Failure   Level  Hunger
 Petrify                  Tmut/Erth      ##......     73%         4    ####...
 Lee's Rapid Deconstruct  Erth           ###.......   86%         5    ######.


Dungeon Overview and Level Annotations

Branches:
Dungeon (2/15)

Altars:
Elyvilon

Annotations:
D:2 1 runed translucent door, Terence


Innate Abilities, Weirdness & Mutations

Shadows flee at your approach. (+LOS)
You can swim through water.
You cover ground slowly.
You can hop short distances.


Message History

Okay, then.
You aren't carrying any items that you can evoke.
Unknown command.
Casting: Sandblast (safe; 6% risk of failure)
Confirm with . or Enter, or press ? or * to list all spells.
Aiming: Sandblast (safe; 6% risk of failure)
Press: ? - help, Shift-Dir - straight line, f/p - Terence
Aim: Terence, wielding a +0 mace and wearing a +4 scale mail of fire resistance The blast of sand hits Terence but does no damage.
b - 39 stones Terence hits you but does no damage.
Casting: Sandblast (safe; 6% risk of failure)
Confirm with . or Enter, or press ? or * to list all spells.
Aiming: Sandblast (safe; 6% risk of failure)
Press: ? - help, Shift-Dir - straight line, f/p - Terence
Aim: Terence, wielding a +0 mace and wearing a +4 scale mail of fire resistance The blast of sand hits Terence but does no damage.
b - 38 stones Terence hits you with a +0 mace.
You die...

....#..'......###............#.#
....#.##.......###..#.######....
....#.##.................#####.#.
....#.##........####...........#.
....#.###..........#..##.#######.
....#.# #.#.....#(.#......))<..#.
...##.# #..........#...#.#######.
...##.# #.#.⌠.⌠.#.##...#.......#.
#..##.# #..(....@.##.[.#######.#.
..##.# #.#....@#..).......#..[#.
.##.###...._.....##.###.##.###.
.##.....#.....#..##.# #....###.
#................#+####.......
#......#.⌠.⌠.#........#.......
#.....................#.......
##......#.....#........#.......
#......................#.......


You could see Terence.

Vanquished Creatures
  2 adders (D:2)
  A worm (D:2)
  A dart slug (D:1)
  2 leopard geckos (D:2)
  A goblin (D:2)
  6 hobgoblins
  3 jackals (D:2)
  4 kobolds (D:2)
  A quokka (D:2)
  4 bats (D:2)
  3 frilled lizards (D:2)
  2 rats
30 creatures vanquished.

Notes
Turn   | Place    | Note
-------+----------+-------------------------------------------
     0 | D:1      | Amplified the Barachi Earth Elementalist began the quest
                  | for the Orb.
     0 | D:1      | Reached XP level 1. HP: 13/13 MP: 3/3
   792 | D:1      | Reached XP level 2. HP: 19/19 MP: 3/5
  1095 | D:2      | Found a white marble altar of Elyvilon.
  1105 | D:2      | Reached XP level 3. HP: 16/25 MP: 0/7
  1735 | D:2      | Learned a level 2 spell: Passwall
  1739 | D:2      | Learned a level 3 spell: Stone Arrow
  1828 | D:2      | Found a runed translucent door.
  2046 | D:2      | Noticed Terence
  2079 | D:2      | HP: 1/25 [Terence/+0 mace (5)]
  2086 | D:2      | Slain by Terence

Levels and vault maps discovered:
D:1:      lemuel_arrival_funnel, layout_loops_corners
D:2:      layout_basic, elyvilon_altar_5, uniq_crazy_yiuf_cottage, uniq_terence

Skill      XL: |  1  2 |
---------------+-------+-----
Spellcasting   | 3 |  3.1
Fighting       | |  0.9
Maces & Flails | |  0.2
Dodging        | |  2.1
Stealth        | |  1.7
Transmutations | |  1.1
Earth Magic    | |  3.9

Action                   || total
-------------------------++-------
Melee: Whip              ||    64
 Cast: Sandblast         ||    42
       Stone Arrow       ||     1
 Abil: Hop               ||     2
  Use: Potion            ||     3
       Scroll            ||     2
  Eat: Chunk             ||     4
Armor: Robe              ||    20
Dodge: Dodged            ||    68
Block: Buckler           ||     4
